AoeStats
← 曼巴别肘

Arabia

509013305Analyzed
1v1 RM · 7d ago on Sep 25, 2026· 72m 47s· 2 players
Game mode
Random Map
Map size
Tiny (2 player)
Population
200
Speed
Normal
Resources
Standard
Victory
Conquest
Starting age
Dark Age
Ending age
Imperial Age
RankedLock teamsTeams togetherTeam positionsShared explorationLock speedFull tech treeHidden civsTurbo modeCheats
Victory
Defeat
🇨🇱 Magyars · Chile
954
+19
🇨🇳 Hindustanis · China
1009
-19
Sunstraker
8:12 Loom
10:10 Feudal Age
12:21 Double-Bit Axe
17:49 Horse Collar
21:30 Castle Age
19:28 Gold Mining
20:07 Fletching
21:46 Padded Archer Armor
23:34 Heavy Plow
24:35 Bloodlines
24:24 Bodkin Arrow
24:59 Husbandry
25:46 Gold Shaft Mining
26:00 Ballistics
27:28 Leather Archer Armor
28:07 Scale Barding Armor
30:04 Wheelbarrow
29:45 Bow Saw
31:50 Hand Cart
33:44 Stone Mining
34:26 Elite Skirmisher
35:40 Town Watch
36:32 Thumb Ring
37:34 Chain Barding Armor
40:30 Imperial Age
37:41 Pikeman
40:53 Scale Mail Armor
41:27 Sanctity
42:21 Chemistry
41:03 Treadmill Crane
41:08 Halberdier
41:42 Heavy Cavalry Archer
42:07 Capped Ram
43:42 Crop Rotation
45:14 Two-Man Saw
44:56 Parthian Tactics
44:00 Crossbowman
45:28 Ring Archer Armor
45:45 Arson
47:21 Elite Magyar Huszar
48:26 Bracer
48:07 Arbalester
48:10 Onager
49:20 Chain Mail Armor
49:19 Recurve Bow
49:50 Conscription
51:42 Siege Engineers
54:09 Plate Barding Armor
53:58 Corvinian Army
54:29 Masonry
57:51 Hoardings
59:31 Light Cavalry
60:31 Hussar
68:20 Murder Holes
曼巴别肘
5:30 Loom
10:06 Feudal Age
12:05 Double-Bit Axe
12:43 Horse Collar
19:04 Castle Age
19:35 Town Watch
21:29 Stone Mining
23:45 Stone Shaft Mining
23:20 Gold Mining
24:12 Wheelbarrow
25:06 Bow Saw
24:57 Heavy Plow
25:33 Forging
27:12 Iron Casting
28:37 Scale Barding Armor
31:19 Chain Barding Armor
31:13 Bloodlines
31:04 Husbandry
32:21 Hand Cart
33:04 Murder Holes
34:17 Gold Shaft Mining
34:25 Ballistics
38:52 Imperial Age
36:39 Padded Archer Armor
37:11 Squires
36:43 Elite Skirmisher
38:29 Masonry
39:11 Fletching
40:05 Leather Archer Armor
40:34 Thumb Ring
41:32 Chemistry
41:43 Two-Man Saw
41:18 Conscription
40:23 Heavy Camel Rider
41:43 Shatagni
43:14 Blast Furnace
42:09 Arson
43:19 Plate Barding Armor
43:04 Elite Ghulam
44:24 Hoardings
46:04 Ring Archer Armor
49:00 Imperial Camel Rider
49:56 Grand Trunk Road
51:58 Light Cavalry
53:28 Scale Mail Armor
53:24 Bodkin Arrow
54:43 Siege Engineers
56:56 Pikeman
58:34 Chain Mail Armor
58:19 Bracer
67:14 Fortified Wall
66:47 Hussar
Connection lost

Rejoining the realm…

Still unreachable

The connection could not be restored.

Session expired

The server has moved on; the page needs a fresh start.